cohdb
Replays
Latest Replays
All Replays
Popular Replays
Top Player Replays
Match Explorer
How It Works
Community
CoH3 Stats
Reddit
Sign in to upload your games and track your stats! →
Sign in with Steam
Match 30543533
Unlisted
Match 30543533
Overview
Messages
Build Orders
End
Kradschützen Motorcycle Team
Kradschützen Motorcycle Team
Kradschützen Motorcycle Team
Kradschützen Motorcycle Team
Construct Light Support Kompanie
2.5-tonne Medical Truck
Selects Italian Infantry
Selects Italian Infantry
Panzerjäger Squad
Selects Guastatori Squad
Guastatori Squad
Construct Mechanized Kompanie
Selects L6/40 Light Tank Combat Group
L6/40 Light Tank Combat Group
Guastatori Squad
Selects Sound the Alarm
Selects Towed Cannone da 105/28 Field Howitzer
Veteran Squad Leaders
Towed Cannone da 105/28 Field Howitzer
只因你太美
lengfeng988
CTG|SS
matrix4x4
Sixtus
Ricky Mah
乌蝇哥
saya
0
0
Comments
sign in to comment!
No comments posted yet!